 Dungeon Crawl Stone Soup version 0.31-a0-345-g1ebeae05c6 (webtiles) character file.

Game seed: 16397759774766363386

2488 LeprechaunX the Ruffian (level 9, -2/54 HPs)
             Began as an Octopode Shapeshifter on July 22, 2023.
             Was a Follower of Hepliaklqana.
             Slain by a hornet (15 damage)
             ... while paralysed by a hornet
             ... on level 7 of the Dungeon.
             The game lasted 00:07:55 (5795 turns).

LeprechaunX the Ruffian (Octopode Shapeshifter)     Turns: 5795, Time: 00:07:55

Health: -2/54      AC:  1    Str: 16    XL:     9   Next: 52%
Magic:  9/9        EV:  2    Int: 11    God:    Hepliaklqana [*.....]
Gold:   354        SH:  0    Dex: 17    Spells: 8/8 levels left

rFire   . . .        a - +6 short sword "Niach" {freeze, Dex+3}
rCold   . . .        (no shield)
rNeg    . . .        (helmet currently unavailable)
rPois   .            t - amulet of faith
rElec   .            c - ring of wizardry
rCorr   .            i - +5 ring of evasion
SInv    .            (no ring)
Will    .....        (no ring)
Stlth   +++          (no ring)
HPRegen 0.29/turn    (no ring)
MPRegen 0.11/turn    (no ring)
                     (no ring)

%: faith, wizardry (x1)
@: paralysed, lethally poisoned (-2 -> -15), beast-form, slowed
A: beast (slay +4), reduced essence, almost no armour, amphibious, 8 rings,
camouflage 1, gelatinous body 1, (nimble swimmer 1), tentacles
a: Begin Untransformation, Renounce Religion, Recall Ancestor, Ancestor Identity


You were on level 7 of the Dungeon.
You worshipped Hepliaklqana.
Hepliaklqana was aware of your devotion.
You were a hulking beast.
You visited 1 branch of the dungeon, and saw 7 of its levels.

You collected 354 gold pieces.

Inventory:

Hand Weapons
 a - the +6 short sword "Niach" (weapon) {freeze, Dex+3}
   (You found it on level 2 of the Dungeon)

   Dex:       It affects your dexterity (+3).
Missiles
 s - a throwing net
Jewellery
 c - a ring of wizardry (left tentacle)
 i - a +5 ring of evasion (right tentacle)
 m - a ring of fire
 t - an amulet of faith (around mantle)
Talismans
 b - a beast talisman
 r - a blade talisman
Wands
 w - a wand of roots (3)
Scrolls
 d - 7 scrolls of identify {unknown}
 j - 4 scrolls of fog {unknown}
 l - 5 scrolls of teleportation {unknown}
 o - a scroll of blinking {unknown}
 p - a scroll of butterflies {unknown}
 u - a scroll of revelation {unknown}
 v - a scroll of immolation {unknown}
Potions
 e - 4 potions of enlightenment {unknown}
 f - 3 potions of berserk rage {unknown}
 g - 2 potions of mutation {unknown}
 h - a potion of haste {unknown}
 k - 2 potions of curing {unknown}
 n - a potion of brilliance {unknown}
 q - 2 potions of ambrosia {unknown}
 x - 2 potions of lignification


   Skills:
 + Level 5.5 Fighting
 - Level 3.0 Short Blades
 + Level 5.8 Dodging
 + Level 6.8 Unarmed Combat
 * Level 6.5 Shapeshifting


You had 8 spell levels left.
You didn't know any spells.
Your spell library contained the following spells:

 Spells                   Type           Power      Damage    Failure   Level
 Magic Dart               Conj           0%         1d3       14%         1
 Call Imp                 Summ           0%         N/A       21%         2
 Dazzling Flash           Conj/Hex       0%         N/A       38%         3
 Mephitic Cloud           Conj/Pois/Air  0%         N/A       38%         3
 Volatile Blastmotes      Fire/Tloc      0%         2d10      38%         3
 Starburst                Conj/Fire      0%         6d3       100%        6
 Maxwell's Capacitive Co  Air            0%         ∞         100%        8


Dungeon Overview and Level Annotations

Branches:
Dungeon (7/15)
 Temple: D:4-7

Altars:
Fedhas
Hepliaklqana
Qazlal
Ru
Sif Muna
Uskayaw
Wu Jian
Zin

Shops:
D:6 *

Annotations:
D:4 1 runed translucent door, Crazy Yiuf


Innate Abilities, Weirdness & Mutations

You are a hulking beast.
Your limbs bulge with bestial killing power. (Slay +4)
Your life essence is reduced to manifest your ancestor. (-10% HP)
You cannot wear most types of armour.
You are amphibious.
You can wear up to eight rings at the same time.
Your skin changes colour to match your surroundings (Stealth+).
Your rubbery body absorbs attacks. (AC +1, EV +1)
((You are camouflaged when in or above water. (Stealth+)))
You have tentacles for arms and can constrict up to eight enemies at once.


Message History

Unknown command.
(D) Dungeon
Where to? (Enter - D:6 @ (x,y), ? - help)
You swap places.
There is an open door here.
There is an open door here.
There is a stone staircase leading down here.
You climb downwards.
There is a stone staircase leading up here.
You swap places.
A hornet comes into view.
The hornet moves out of view.
A hornet is nearby!
Shatu-murrim misses the hornet.
The hornet closely misses Shatu-murrim.
The hornet barely misses Shatu-murrim.
Shatu-murrim hits the hornet but does no damage.
The hornet closely misses Shatu-murrim.
The hornet stings Shatu-murrim.
Shatu-murrim hits the hornet.
The hornet barely misses Shatu-murrim.
Something stings Shatu-murrim!
There is a stone staircase leading up here.
You swap places.
The hornet stings you!
You feel yourself slow down.
You miss the hornet. Your grab misses the hornet.
Your squeeze misses the hornet.
The hornet is lightly wounded.
You feel yourself speed up. The hornet stings you.
You are poisoned.
You suddenly lose the ability to move!
The hornet stings you.
You feel yourself slow down.
You feel yourself speed up.
You feel very sick. The hornet stings you!
* * * LOW HITPOINT WARNING * * *
You are lethally poisoned!
You feel yourself slow down.
* * * LOW HITPOINT WARNING * * *
You feel very sick. The hornet stings you!
You die...

#######...
#.........
##.###....
##y### .
#..hR#
######


You could see the friendly Shatu-murrim the ancestor and a hornet (ally target).

Vanquished Creatures
  Eustachio (D:4)
  Menkaure (D:5)
  A water moccasin (D:6)
  Edmund (D:5)
  An orc warrior (D:5)
  A sky beast (D:6)
  2 ogres (D:4)
  A centaur (D:6)
  A phantom (D:5)
  Blork the orc (D:4)
  2 scorpions
  5 wights (D:6)
  A howler monkey (D:6)
  3 jellies
  2 hounds
  6 orc priests
  A sleepcap (D:5)
  A gnoll bouda (D:5)
  7 orc wizards
  Natasha (thrice) (D:3)
  3 iguanas
  Robin (D:3)
  9 gnolls
  9 adders
  An ufetubus (D:5)
  A worm (D:2)
  The ghost of mwobee the Sneak, a weakling DrDe (D:6)
  3 dart slugs
  26 orcs
  2 endoplasms
  3 giant cockroaches
  12 goblins
  6 hobgoblins (D:3)
  4 jackals
  3 quokkas
  5 ball pythons
  8 bats
  2 frilled lizards (D:1)
  6 kobolds
  7 rats
154 creatures vanquished.

Vanquished Creatures (collateral kills)
  An orc (D:6)
1 creature vanquished.

Grand Total: 155 creatures vanquished

Notes
Turn   | Place    | Note
-------+----------+-------------------------------------------
     0 | D:1      | LeprechaunX the Octopode Shapeshifter began the quest for
                  | the Orb.
     0 | D:1      | Reached XP level 1. HP: 13/13 MP: 1/1
   114 | D:1      | Reached XP level 2. HP: 17/18 MP: 2/2
   121 | D:1      | Found a faded altar of an unknown god.
  1014 | D:2      | Identified the +6 short sword "Niach" {freeze, Dex+3}
  1061 | D:2      | Reached XP level 3. HP: 23/23 MP: 3/3
  1488 | D:2      | Reached XP level 4. HP: 25/29 MP: 4/4
  1934 | D:3      | Noticed Robin
  1934 | D:3      | Noticed Natasha
  1948 | D:3      | Killed Natasha
  1958 | D:3      | Killed Robin
  1959 | D:3      | Reached XP level 5. HP: 27/34 MP: 5/5
  1991 | D:3      | Noticed Natasha
  2002 | D:3      | Killed Natasha
  2016 | D:3      | Reached skill level 1 in Short Blades
  2020 | D:3      | Reached XP level 6. HP: 14/41 MP: 6/6
  2395 | D:3      | Noticed Natasha
  2402 | D:3      | Killed Natasha
  2704 | D:4      | Noticed Blork the orc
  2713 | D:4      | Killed Blork the orc
  2808 | D:4      | Reached XP level 7. HP: 46/46 MP: 7/7
  2825 | D:4      | Found a shimmering blue altar of Sif Muna.
  2830 | D:4      | Noticed Edmund
  2833 | D:4      | Noticed Eustachio
  2836 | D:4      | Reached skill level 5 in Unarmed Combat
  2839 | D:5      | Entered Level 5 of the Dungeon
  2846 | D:5      | Killed Edmund
  2977 | D:4      | Killed Eustachio
  2978 | D:4      | Reached XP level 8. HP: 54/54 MP: 8/8
  3137 | D:4      | Found a sacrificial altar of Ru.
  3253 | D:4      | Found a runed translucent door.
  3254 | D:4      | Noticed Crazy Yiuf
  3349 | D:4      | Found an ornate altar of the Wu Jian Council.
  3691 | D:5      | Found a blossoming altar of Fedhas.
  3778 | D:5      | Noticed Menkaure
  3783 | D:5      | Reached skill level 5 in Shapeshifting
  3785 | D:5      | Killed Menkaure
  4063 | D:5      | Reached skill level 5 in Dodging
  4407 | D:5      | Found a hide-covered altar of Uskayaw.
  4546 | D:6      | Found a hazy altar of Hepliaklqana.
  4546 | D:6      | Found a stormy altar of Qazlal.
  4589 | D:6      | Became a worshipper of Hepliaklqana the Forgotten
  4625 | D:6      | Reached XP level 9. HP: 21/60 MP: 9/9
  4851 | D:6      | Reached skill level 5 in Fighting
  4856 | D:6      | Found Zin's Purification Station.
  4856 | D:6      | Found a glowing silver altar of Zin.
  5239 | D:6      | Reached * piety under Hepliaklqana
  5308 | D:6      | Found a runed translucent door.
  5437 | D:6      | Noticed mwobee's ghost (weakling DrDe)
  5560 | D:6      | Killed mwobee's ghost
  5783 | D:7      | Noticed a hornet
  5793 | D:7      | Paralysed by a hornet for 3 turns
  5795 | D:7      | Slain by a hornet

Illustrated notes

Levels and vault maps discovered:
D:1:      ncdulo_halloftheorcs, layout_loops_ring,
          hellmonk_ecumenical_altar_arch_garden,
          hangedman_abyss_or_decor_lesser_grid, st_stairs_10, amethyst_killhole
D:2:      layout_basic, serial_forest, infiniplex_forest_clump_small,
          infiniplex_forest_straight_2, infiniplex_forest_lined_corner,
          infiniplex_forest_straight_4, infiniplex_forest_straight_2,
          infiniplex_forest_clump_curved, minmay_surrounded
D:3:      layout_loops_ring, uniq_robin, uniq_natasha
D:4:      layout_cave_pools, pdpol_wu_jian_five_deadly_venoms,
          lemuel_crystal_altar, nicolae_ru_awakened_eye, uniq_eustachio,
          uniq_edmund, uniq_crazy_yiuf_cottage, uniq_blork_the_orc
D:5:      layout_loops_ring, lemuel_coloured_pillars_altar,
          mainiacjoe_overflow_boulevard, uniq_menkaure
D:6:      layout_gridville, gammafunk_temple_overflow_wave, zin_purify,
          gammafunk_ghost_grave
D:7:      layout_basic, kennysheep_little_box, temple_green, serial_shops,
          nicolae_inconvenience_store, hellmonk_ghost_happy_afterlife,
          minmay_tree_intersection

Skill      XL: |  1  2  3  4  5  6  7  8  9 |
---------------+----------------------------+-----
Unarmed Combat | 4 5 6 |  6.8
Fighting       | 2 3 4 5 |  5.5
Dodging        | 3 4 5 |  5.8
Short Blades   | 1 2 3 |  3.0
Shapeshifting  | 4 5 6 |  6.5

Action                     |  1- 3 |  4- 6 |  7- 9 || total
---------------------------+-------+-------+-------++-------
  Melee: Unarmed           |    69 |     6 |       ||    75
         Constrict         |    14 |    15 |    41 ||    70
         Tentacles         |     6 |     9 |    38 ||    53
         Punch             |     1 |     5 |    13 ||    19
         Short sword       |       |    76 |   148 ||   224
  Throw: Boomerang         |       |       |     6 ||     6
    Use: Potion            |       |     1 |       ||     1
   Stab: Sleeping          |     6 |       |     1 ||     7
         Distracted        |       |       |     2 ||     2
 Armour: Skin              |     8 |    19 |     3 ||    30
  Dodge: Dodged            |    61 |    41 |    82 ||   184

Table legend: (Time is in decaauts)
 A = Elapsed time spent in this place.
 B = Non-inter-level travel time spent in this place.
 C = Inter-level travel time spent in this place.
 D = Time resting spent in this place.
 E = Time spent auto-exploring this place.
 F = Levels seen in this place.
 G = Mean time per level.
                   A        B        C        D        E       F      G
               +--------+--------+--------+--------+--------+-----+--------+
         Total |   5761 |   5314 |    447 |    332 |   4175 |   7 |  823.0 |
       Dungeon |   5761 |   5314 |    447 |    332 |   4175 |   7 |  823.0 |
               +--------+--------+--------+--------+--------+-----+--------+

Top non-repeatable levels by time:
     D:6: 1263 daAuts
     D:5: 1158 daAuts
     D:1: 976 daAuts
     D:2: 941 daAuts
     D:3: 776 daAuts
     D:4: 629 daAuts
     D:7: 16 daAuts
